 Dungeon Crawl Stone Soup version 0.20.0-15-g7f486f2 (webtiles) character file.

2368 Chiseanne the Conjurer (level 9, -1/68 HPs)
             Began as a Demonspawn Wanderer on June 10, 2017.
             Slain by an orc warrior
             ... wielding a +2 trident of freezing
              (6 damage)
             ... on level 8 of the Dungeon.
             The game lasted 00:21:33 (8840 turns).

Chiseanne the Conjurer (Demonspawn Wanderer)        Turns: 8840, Time: 00:21:34

Health: -1/68      AC:  7    Str: 12    XL:     9   Next: 21%
Magic:  14/17      EV: 16    Int: 17    God:
Gold:   447        SH:  0    Dex: 11    Spells: 14/18 levels left

rFire    . . .     SeeInvis +   a - +2 short sword (venom)
rCold    . . .     Gourm    .   (no shield)
rNeg     . . .     Faith    .   m - +0 leather armour
rPois    .         Spirit   .   k - +1 helmet
rElec    .         Reflect  .   (no cloak)
rCorr    .         Harm     .   (no gloves)
MR       .....                  (no boots)
Stlth    +.........             (no amulet)
Regen    0.3/turn               y - +3 ring of evasion
MPRegen  0.2/turn               A - ring of see invisible

@: very slightly contaminated
A: talons 2, yellow scales 1, dopey 1, powered by pain 2
a: no special abilities


You were on level 8 of the Dungeon.
You were not hungry.

You visited 1 branch of the dungeon, and saw 8 of its levels.
You also visited: Ossuary.

You collected 447 gold pieces.

Inventory:

Hand Weapons
 a - a +2 short sword of venom (weapon)
 s - a +3 scimitar of freezing
 w - a +2 blowgun
Missiles
 g - 165 stones (quivered)
 i - a curare-tipped needle
 l - 89 sling bullets
 r - 33 bolts
 C - 17 arrows
Armour
 k - a +1 helmet (worn)
 m - a +0 leather armour (worn)
 n - a +0 large shield
 o - a +0 leather armour
 p - a +0 ring mail
Jewellery
 x - an uncursed ring of positive energy
 y - a +3 ring of evasion (left hand)
 A - a ring of see invisible (right hand)
Wands
 j - a wand of random effects (28/48)
Scrolls
 e - 2 scrolls of identify
 h - a scroll of enchant armour
 q - 2 scrolls of amnesia
 t - 3 scrolls of teleportation
 z - a scroll of remove curse
Potions
 u - 2 potions of invisibility
 D - a potion of berserk rage
 E - 2 potions of magic
 F - 4 potions of agility
 G - a potion of curing
 J - a potion of flight
 K - a potion of heal wounds
Books
 c - the Collected Works on the Rocks

   Spells                             Type                      Level
   a - Sandblast                      Earth                        1
   b - Stone Arrow                    Conjuration/Earth            3
 d - the Incunabulum of Fire

   Spells                             Type                      Level
   a - Flame Tongue                   Conjuration/Fire             1
   b - Ignite Poison                  Fire/Transmutation/Poison    3
Comestibles
 b - 2 meat rations
 f - 4 bread rations
 v - 8 fruits
 B - a royal jelly


   Skills:
 * Level 5.2 Fighting
 - Level 1.0 Throwing
 * Level 3.8 Armour
 * Level 4.6 Dodging
 - Level 1.0 Stealth
 * Level 5.4 Spellcasting
 * Level 5.9 Conjurations
   Level 1.1 Necromancy
 - Level 3.9 Fire Magic
   Level 1.7 Air Magic


You had 14 spell levels left.
You knew the following spells:

 Your Spells              Type           Power        Failure   Level  Hunger
a - Flame Tongue          Conj/Fire      ###..        2%          1    None
b - Stone Arrow           Conj/Erth      ##....       16%         3    ##.....


Dungeon Overview and Level Annotations

Branches:
Dungeon (8/15)             Temple (0/1) D:7
   Lair: D:8-11

Altars:
Ashenzari
Fedhas
Okawaru
Trog
Xom


Innate Abilities, Weirdness & Mutations

You have razor-sharp toenails.
You are partially covered in yellow scales. (AC +2)
You sometimes gain power by taking damage.
You are dopey. (Int -2)


Message History

Confirm with . or Enter, or press ? or * to list all spells.
Aiming: Flame Tongue
Press: ? - help, Shift-Dir - straight line, f/p - orc
Aim: an orc, wielding a club (heavily wounded)
The flame tongue hits the orc.
The orc is severely wounded.
The orc warrior completely misses you. The orc hits you with a club.
* * * LOW HITPOINT WARNING * * *
Casting: Flame Tongue
Confirm with . or Enter, or press ? or * to list all spells.
Aiming: Flame Tongue
Press: ? - help, Shift-Dir - straight line, f/p - orc
Aim: an orc, wielding a club (severely wounded)
You miscast Flame Tongue.
You are very lightly contaminated with residual magic.
Nothing appears to happen.
The orc warrior hits you with a trident of freezing!
* * * LOW HITPOINT WARNING * * *
The orc warrior freezes you.
You die...

......o..
........o
..o..<..
##..o.. .#
#....# #..
##...# #..#
##..<#
#..###...##
#..@#.###
###oo##
####


You could see an orc warrior and an orc.

Vanquished Creatures
  A hippogriff (D:7)
  Sigmund (D:4)
  An orc warrior (D:6)
  2 ice beasts
  A phantom (D:4)
  A centaur (D:5)
  An ogre (D:5)
  A bullfrog (D:7)
  Blork the orc (D:5)
  3 scorpions
  3 wights (D:6)
  4 killer bees (D:7)
  A howler monkey (D:6)
  A crimson imp (D:5)
  A jelly (D:6)
  A bullfrog zombie (D:7)
  3 hounds
  3 orc priests
  2 orc wizards
  2 bullfrog skeletons
  Natasha (thrice) (D:2)
  An iguana (D:4)
  4 worker ants
  A big kobold zombie (Ossuary)
  A hound zombie (D:7)
  8 mummies (Ossuary)
  3 gnolls (D:4)
  5 adders
  2 adder zombies
  2 worms
  2 dart slugs (D:1)
  5 leopard geckos
  14 orcs
  6 bats
  10 giant cockroaches
  11 goblins
  9 hobgoblins
  15 jackals
  4 kobolds
  3 quokkas
  4 frilled lizards
  3 gnoll zombies (Ossuary)
  A goblin zombie (D:7)
  2 hobgoblin zombies (Ossuary)
  A kobold zombie (Ossuary)
  A leopard gecko zombie (D:5)
  An orc zombie (Ossuary)
  A quokka zombie (D:7)
  5 rats
162 creatures vanquished.

Notes
Turn   | Place    | Note
-------+----------+-------------------------------------------
     0 | D:1      | Chiseanne the Demonspawn Wanderer began the quest for the Orb.
     0 | D:1      | Chiseanne set off with: 3 curare-tipped needles, a +2 blowgun, the Collected Works on the Rocks, the Incunabulum of Fire, a +0 robe, a bread ration
     0 | D:1      | Reached XP level 1. HP: 13/13 MP: 2/2
     1 | D:1      | Identified the Collected Works on the Rocks
     1 | D:1      | Identified the Incunabulum of Fire
     3 | D:1      | Learned a level 1 spell: Flame Tongue
   235 | D:1      | Reached skill level 1 in Conjurations
   235 | D:1      | Gained mutation: You have sharp toenails. [demonic ancestry]
   235 | D:1      | Reached XP level 2. HP: 19/19 MP: 1/4
   739 | D:1      | Gained mutation: You sometimes gain a little power by taking damage. [demonic ancestry]
   739 | D:1      | Reached XP level 3. HP: 19/24 MP: 0/5
   879 | D:1      | Learned a level 3 spell: Stone Arrow
  1471 | D:2      | Noticed Natasha
  1475 | D:2      | Killed Natasha
  1546 | D:2      | Noticed Natasha
  1553 | D:2      | Killed Natasha
  1553 | D:2      | Gained mutation: You are partially covered in yellow scales. (AC +2) [demonic ancestry]
  1553 | D:2      | Reached XP level 4. HP: 30/30 MP: 3/7
  1593 | D:2      | Noticed Natasha
  1596 | D:2      | Killed Natasha
  2274 | D:2      | Reached XP level 5. HP: 36/36 MP: 6/9
  2796 | D:3      | Reached skill level 1 in Fighting
  2876 | D:3      | Found a faded altar of an unknown god.
  3036 | D:3      | Reached skill level 1 in Dodging
  3655 | D:4      | Noticed a phantom
  3837 | D:4      | Got an ichor-stained whip
  3839 | D:4      | Identified the cursed +3 whip of Dithmenos's Pride {slash, rPois rN+ Str+3 Dex-5} (You found it on level 4 of the Dungeon)
  3905 | D:4      | Reached XP level 6. HP: 23/44 MP: 4/10
  4187 | D:4      | Gained mutation: You are dopey. (Int -2) [potion of mutation]
  4187 | D:4      | Gained mutation: You have razor-sharp toenails. [potion of mutation]
  4213 | D:4      | HP: 3/66 [poisoned by a scorpion]
  4875 | D:4      | Noticed an ice beast
  4884 | D:4      | Killed an ice beast
  4884 | D:4      | Gained mutation: You sometimes gain power by taking damage. [demonic ancestry]
  4884 | D:4      | Reached XP level 7. HP: 51/51 MP: 5/12
  5097 | D:4      | Noticed Sigmund
  5107 | D:4      | Killed Sigmund
  5107 | D:4      | Reached skill level 1 in Armour
  5276 | D:5      | Entered Level 5 of the Dungeon
  5415 | D:5      | Noticed Blork the orc
  5427 | D:5      | Killed Blork the orc
  5562 | D:5      | Reached XP level 8. HP: 59/59 MP: 10/14
  6373 | D:6      | Found an iron altar of Okawaru.
  6449 | D:6      | Reached skill level 5 in Conjurations
  6621 | D:6      | Found a shattered altar of Ashenzari.
  6658 | D:6      | Found a bloodstained altar of Trog.
  7252 | D:6      | Found a blossoming altar of Fedhas.
  7348 | D:6      | Reached skill level 5 in Spellcasting
  7716 | D:7      | Noticed a hippogriff
  7725 | D:7      | Killed a hippogriff
  7790 | D:7      | Found a shimmering altar of Xom.
  7832 | D:7      | Reached XP level 9. HP: 65/67 MP: 16/16
  7837 | D:7      | Reached skill level 5 in Fighting
  7956 | D:7      | Found a sand-covered staircase.
  8062 | Ossuary  | Entered an ossuary
  8711 | D:7      | Found a staircase to the Ecumenical Temple.
  8840 | D:8      | Slain by an orc warrior

Skill      XL: |  1  2  3  4  5  6  7  8  9 |
---------------+----------------------------+-----
Conjurations   | 1 2 3 4 5 |  5.9
Spellcasting   | 2 3 4 5 |  5.4
Fighting       | 1 2 3 4 5 |  5.2
Dodging        | 1 2 3 4 |  4.6
Armour         | 1 3 |  3.8
Throwing       | |  1.0
Stealth        | |  1.0
Necromancy     | |  1.1
Fire Magic     | |  3.9
Air Magic      | |  1.7

Action                   |  1- 3 |  4- 6 |  7- 9 || total
-------------------------+-------+-------+-------++-------
Melee: Short sword       |     4 |    36 |   136 ||   176
       Kick              |       |     7 |    34 ||    41
       Dagger            |       |     5 |    31 ||    36
 Fire: Blowgun           |    14 |    10 |     2 ||    26
Throw: Stone             |       |     1 |     2 ||     3
 Cast: Flame Tongue      |    36 |   127 |   164 ||   327
       Stone Arrow       |       |       |     1 ||     1
  Use: Scroll            |     2 |    13 |     9 ||    24
       Potion            |       |     5 |     2 ||     7
 Stab: Invisible         |       |     2 |       ||     2
       Sleeping          |       |       |     1 ||     1
  Eat: Chunk             |     3 |    10 |     9 ||    22
       Fruit             |       |       |     5 ||     5
Armor: Robe              |    13 |     2 |       ||    15
       Leather armour    |       |    28 |    38 ||    66
Dodge: Dodged            |    19 |    92 |   193 ||   304
       Rpst.: Scimitar   |       |       |     1 ||     1
